Map: Kairos Junction LE

Players

VAZ - Winner!

  • Race: Terran Terran
  • League: Platinum
  • Spawn Location: 5:00

Woah

  • Race: Terran Terran
  • League: Platinum
  • Spawn Location: 11:00

VOD

Have the link to the VOD?

Description

Time

  • Played on: June 10, 2019, 10:38 a.m.
  • Length: 6:45
Show
View Real Time Build Order
Export as new Build Order

VAZ Terran - Winner!

Build Orders:  

Get SALT Encoding   

  12  0:01  SCV  
  13  0:13  SCV  
  14  0:20  Supply Depot  
  14  0:26  SCV  
  15  0:30  Refinery  
  15  0:42  SCV  
  16  0:47  Barracks  
  16  0:54  SCV  
  17  1:01  Refinery  
  17  1:06  SCV  
  17  1:10  Supply Depot  
  18  1:18  SCV  
  19  1:30  SCV  
  20  1:41  Factory, Barracks Tech Lab  
  20  1:43  SCV  
  21  1:55  Orbital Command  
  21  2:04  Marauder  
  21  2:07  Concussive Shells  
  23  2:24  SCV  
  23  2:28  Factory Tech Lab  
  24  2:30  Supply Depot  
  24  2:31  Marine  
  25  2:42  SCV, Starport  
  26  3:01  Supply Depot  
  26  3:02  Siege Tank  
  26  3:04  Marauder  
  26  3:05  SCV  
  32  3:17  SCV  
  33  3:20  Medivac  
  33  3:25  Marine  
  35  3:40  Siege Tank  
  37  3:43  Marauder  
  39  3:56  Medivac  
  41  4:05  Marauder  
  41  4:33  Liberator  
  41  4:39  Command Center  
  41  4:48  Siege Tank  
  47  5:06  Supply Depot  
  47  5:09  Engineering Bay  
  47  5:28  Marine  
  48  5:39  SCV  
  48  5:41  Siege Tank  
  52  5:48  Factory  
Show
View Real Time Build Order
Export as new Build Order

Woah Terran 

Build Orders:  

Get SALT Encoding   

  12  0:01  SCV  
  13  0:13  SCV  
  14  0:17  Supply Depot  
  14  0:25  SCV  
  15  0:29  Refinery  
  15  0:42  Barracks  
  15  0:49  SCV  
  16  1:01  SCV  
  17  1:14  Barracks  
  17  1:17  SCV  
  18  1:29  Reaper  
  18  1:30  Barracks  
  19  1:37  Supply Depot  
  19  1:41  SCV  
  20  1:55  Orbital Command  
  20  2:02  Reaper  
  20  2:07  Refinery  
  21  2:09  Reaper  
  22  2:18  Reaper  
  23  2:34  Reaper  
  23  2:35  Engineering Bay  
  25  3:14  Barracks Reactor, Barracks Tech Lab  
  25  3:16  Factory  
  23  3:41  Stimpack  
  23  3:42  SCV  
  24  3:50  Command Center  
  24  3:54  SCV  
  25  4:06  SCV  
  24  4:18  SCV  
  24  4:20  Marine x3  
  24  4:23  Starport, Factory Tech Lab  
  26  4:30  SCV  
  27  4:38  Marine  
  28  4:40  Bunker  
  28  4:42  SCV  
  28  4:43  Missile Turret  
  29  5:01  Cyclone  
  29  5:25  Marine x4  
  6  5:55  Planetary Fortress  
  6  6:03  Bunker  
  6  6:04  Marine  
Tags
 
Matchup
TvT
Race
Terran
Replay Pack
r1
Spawn Locations
Cross Positions
Add a new tag
Caveats
  • Supply blocks, unpowered buildings, or Contaminate may cause inaccurate times.
  • Supply counts are checked every 10 seconds.